 Dungeon Crawl Stone Soup version 0.21.1-1-g345015f (webtiles) character file.

1826 Lunabell the Cudgeler (level 9, -14/123 HPs)
             Began as a Naga Berserker on May 7, 2018.
             Was a Priest of Trog.
             Killed from afar by an efreet (17 damage)
             ... with a fireball
             ... on level 1 of the Abyss.
             The game lasted 00:26:46 (6984 turns).

Lunabell the Cudgeler (Naga Berserker)              Turns: 6984, Time: 00:26:47

Health: -14/123    AC: 11    Str: 28    XL:     9   Next: 11%
Magic:  9/9        EV:  3    Int:  7    God:    Trog [***...]
Gold:   260        SH: 14    Dex: 11    Spells: 8/8 levels left

rFire    . . .     SeeInvis +   a - +2 mace
rCold    . . .     Gourm    .   s - +0 large shield
rNeg     . . .     Faith    .   f - +1 chain mail
rPois    +         Spirit   .   n - +0 helmet
rElec    .         Reflect  .   (no cloak)
rCorr    .         Harm     .   (no gloves)
MR       +....                  (no barding)
Stlth    ..........             (no amulet)
HPRegen  0.30/turn              (no ring)
MPRegen  0.11/turn              (no ring)

@: berserking, quick
A: large, see invisible, deformed body, poison resistance, slowness 2, slow
metabolism 1, spit poison 1, AC +3
a: Spit Poison, Berserk, Trog's Hand, Burn Spellbooks, Renounce Religion


You were on level 1 of the Abyss.
You worshipped Trog.
Trog was most pleased with you.
You were not hungry.

You visited 1 branch of the dungeon, and saw 7 of its levels.
You visited the Abyss 1 time.

You collected 260 gold pieces.

Inventory:

Hand Weapons
 a - a +2 mace (weapon)
Armour
 f - a +1 chain mail (worn)
 n - a +0 helmet (worn)
 s - a +0 large shield (worn)
Wands
 i - a wand of random effects (23)
 m - a wand of flame (29)
 o - a wand of enslavement (8)
Scrolls
 c - 2 scrolls of identify
 e - 4 scrolls of teleportation
 j - a scroll of fear
 p - a scroll of remove curse
Potions
 b - a potion of might {unknown}
 g - a potion of resistance
 k - a potion of lignification
 l - a potion of mutation {unknown}
 q - a potion of flight {unknown}
 r - a potion of heal wounds {unknown}
Books
 h - a book of Maledictions

   Spells                             Type                      Level
   a - Corona                         Hexes                        1
   b - Ensorcelled Hibernation        Hexes/Ice                    2
   c - Confuse                        Hexes                        3
   d - Tukima's Dance                 Hexes                        3
   e - Dazzling Spray                 Conjuration/Hexes            3
   Trog disapproves of the use of such an item.
Comestibles
 d - a ration


   Skills:
 + Level 5.8 Fighting
 + Level 7.4 Maces & Flails
 + Level 5.3 Armour
 + Level 3.2 Dodging
 + Level 2.1 Stealth
 + Level 1.9 Shields


You had 8 spell levels left.
You didn't know any spells.

Dungeon Overview and Level Annotations

Branches:
Dungeon (7/15)             Temple (0/1) D:5

Altars:
Ashenzari
Cheibriados
Fedhas
Kikubaaqudgha
Makhleb
Nemelex Xobeh
Okawaru
Ru
Sif Muna
Vehumet
Wu Jian
Yredelemnul


Innate Abilities, Weirdness & Mutations

You cannot wear boots.
Your serpentine skin is tough. (AC +3)
You have supernaturally acute eyesight. (SInv)
Armour fits poorly on your strangely shaped body.
Your system is resistant to poisons. (rPois)
You cover ground very slowly.
You have a slow metabolism.
You can spit poison.


Message History

You barely miss the efreet. The efreet gestures at you.
The fireball explodes!
The fireball engulfs you!
The fireball engulfs the efreet.
The efreet completely resists.
You hear a bark!
Your shield and chain mail prevent you from hitting the efreet.
The efreet hits you with a scimitar of flaming.
* * * LOW HITPOINT WARNING * * *
The efreet burns you.
* * * LOW HITPOINT WARNING * * *
A red film seems to cover your vision as you go berserk!
You feel yourself moving faster!
You feel mighty!
You feel a lot more hungry. The efreet gestures at you.
The bolt of fire hits you!
* * * LOW HITPOINT WARNING * * *
You bludgeon the efreet!!
The efreet is heavily wounded.
The efreet gestures at you.
The fireball explodes!
The fireball engulfs you!
You die...

#.# ..# ##.. # ...
.#.. #
#####..##..#
#.#..R....#
#...@###.##
#.....#...#
##.#..#...# .
#.#.....#.# #
#...##.. . #.#
#..#.#...# .#.
......#.......####
## .... ## .#.#.
.......#. ...#..
#......##.###.#..
.. #.


You could see an efreet.

Vanquished Creatures
  Grinder (D:4)
  The ghost of Aelig the Changer, an amateur KoTm of Makhleb (D:4)
  Sigmund (D:6)
  An ice beast (D:5)
  An ogre (D:5)
  The ghost of Wander the Poker, an amateur HuWn (D:3)
  3 scorpions
  A howler monkey (D:5)
  3 crimson imps
  2 bullfrog zombies (D:5)
  4 centaur zombies (D:5)
  3 hounds
  An orc priest (D:6)
  An orc wizard (D:6)
  A bullfrog skeleton (D:5)
  Ijyb (D:3)
  Natasha (thrice) (D:4)
  2 worker ants
  A howler monkey zombie (D:5)
  A worker ant zombie (D:6)
  6 adders
  6 gnolls
  A shadow imp (D:6)
  An ooze (D:3)
  2 adder skeletons
  2 worms
  2 dart slugs
  2 leopard geckos (D:2)
  5 orcs
  4 giant cockroaches
  7 goblins
  11 hobgoblins
  9 jackals (D:3)
  5 kobolds
  2 quokkas
  10 bats
  5 frilled lizards
  A jackal zombie (D:5)
  A leopard gecko skeleton (D:5)
  6 rats
121 creatures vanquished.

Vanquished Creatures (others)
  A withered plant (D:5)
1 creature vanquished.

Grand Total: 122 creatures vanquished

Notes
Turn   | Place    | Note
-------+----------+-------------------------------------------
     0 | D:1      | Lunabell the Naga Berserker began the quest for the Orb.
     0 | D:1      | Reached XP level 1. HP: 21/21 MP: 1/1
   444 | D:1      | Reached XP level 2. HP: 19/28 MP: 2/2
  1333 | D:1      | Reached XP level 3. HP: 28/34 MP: 3/3
  1587 | D:2      | Reached ** piety under Trog
  1789 | D:2      | Reached XP level 4. HP: 34/44 MP: 4/4
  2091 | D:2      | Reached skill level 1 in Stealth
  2516 | D:3      | Noticed Ijyb
  2524 | D:3      | Killed Ijyb
  2524 | D:3      | Reached skill level 4 in Maces & Flails
  2524 | D:3      | Reached XP level 5. HP: 37/50 MP: 5/5
  2589 | D:3      | Found a sparkling altar of Nemelex Xobeh.
  2720 | D:3      | Noticed Wander's ghost (amateur HuWn)
  2731 | D:3      | Killed Wander's ghost
  2731 | D:3      | Reached XP level 6. HP: 58/58 MP: 6/6
  3063 | D:4      | Noticed Natasha
  3072 | D:4      | Killed Natasha
  3072 | D:4      | Reached *** piety under Trog
  3147 | D:4      | Found an iron altar of Okawaru.
  3191 | D:4      | Found a radiant altar of Vehumet.
  3191 | D:4      | Found a burning altar of Makhleb.
  3280 | D:4      | Noticed Natasha
  3298 | D:4      | Killed Natasha
  3498 | D:4      | Found a blossoming altar of Fedhas.
  3568 | D:4      | Noticed Natasha
  3579 | D:4      | Reached skill level 5 in Maces & Flails
  3590 | D:4      | Killed Natasha
  3734 | D:4      | Noticed Aelig's ghost (amateur KoTm)
  3747 | D:4      | Killed Aelig's ghost
  3747 | D:4      | Reached XP level 7. HP: 62/66 MP: 7/7
  3889 | D:4      | Found a deep blue altar of Sif Muna.
  3971 | D:4      | Noticed Grinder
  3986 | D:4      | Killed Grinder
  4588 | D:4      | Found a sacrificial altar of Ru.
  4887 | D:5      | Entered Level 5 of the Dungeon
  4907 | D:5      | Reached skill level 6 in Maces & Flails
  4919 | D:5      | Reached XP level 8. HP: 27/73 MP: 8/8
  5115 | D:5      | Reached skill level 5 in Fighting
  5145 | D:5      | Found a staircase to the Ecumenical Temple.
  5261 | D:5      | Reached skill level 5 in Armour
  5486 | D:5      | Reached skill level 7 in Maces & Flails
  5507 | D:5      | Found a shattered altar of Ashenzari.
  5888 | D:6      | Found a sand-covered staircase.
  6006 | D:6      | Found a basalt altar of Yredelemnul.
  6042 | D:6      | Reached skill level 1 in Shields
  6091 | D:6      | Found an ornate altar of the Wu Jian Council.
  6179 | D:6      | Noticed Sigmund
  6195 | D:6      | Killed Sigmund
  6195 | D:6      | Reached XP level 9. HP: 61/82 MP: 9/9
  6395 | D:6      | Found an ancient bone altar of Kikubaaqudgha.
  6395 | D:6      | Found a snail-covered altar of Cheibriados.
  6943 | D:7      | Cast into level 1 of the Abyss (orc)
  6943 | Abyss:1  | Found a corrupted altar of Lugonu.
  6979 | Abyss:1  | Noticed an efreet
  6983 | Abyss:1  | HP: 3/123 [efreet/bolt of fire (32)]
  6984 | Abyss:1  | Killed from afar by an efreet

Skill      XL: |  1  2  3  4  5  6  7  8 |
---------------+-------------------------+-----
Dodging        | 2 3 |  3.2
Stealth        | 1 2 |  2.1
Fighting       | 4 5 |  5.8
Armour         | 2 3 4 5 |  5.3
Maces & Flails | 4 5 6 7 |  7.4
Shields        | 1 |  1.9

Action                   |  1- 3 |  4- 6 |  7- 9 || total
-------------------------+-------+-------+-------++-------
Melee: Mace              |    99 |   200 |   247 ||   546
Invok: Berserk           |     1 |     3 |     5 ||     9
  Use: Scroll            |     2 |    10 |     3 ||    15
       Potion            |       |       |     2 ||     2
  Eat: Ration            |     1 |     2 |     4 ||     7
       Chunk             |       |       |     2 ||     2
Armor: Animal skin       |    43 |       |       ||    43
       Chain mail        |    16 |   184 |   206 ||   406
Dodge: Dodged            |   114 |    90 |    69 ||   273
Block: Shield            |       |       |    74 ||    74
       Large shield      |       |       |    19 ||    19
